 Dungeon Crawl Stone Soup version 0.26-a0-611-g354ed81502 (webtiles) character file.

Game seed: 6898567396187748874

2 Descartes the Sneak (level 1, -3/10 HPs)
             Began as a Felid Delver on Sept 5, 2020.
             Slain by an orc wizard
             ... wielding a +3 dagger
              (9 damage)
             ... on level 5 of the Dungeon.
             The game lasted 00:00:25 (49 turns).

Descartes the Sneak (Felid Delver)                    Turns: 49, Time: 00:00:25

Health: -3/10      AC:  1    Str:  8    XL:     1   Next: 25%
Magic:  2/2        EV: 18    Int: 11    God:
Gold:   0          SH:  0    Dex: 17    Spells: 0/0 levels left
                                        Lives:  0   Deaths: 0

rFire    . . .     SeeInvis +     - Unarmed
rCold    . . .     Faith    .   (shield unavailable)
rNeg     . . .     Spirit   .   (armour unavailable)
rPois    .         Reflect  .   (helmet unavailable)
rElec    .         Harm     .   (cloak unavailable)
rCorr    .                      (gloves unavailable)
MR       .....                  (boots unavailable)
Stlth    ++++......             (no amulet)
HPRegen  0.03/turn              (no ring)
MPRegen  0.08/turn              (no ring)

@: quick
A: very small, no armour, no weapons or thrown items, stealth, claws 1, fangs 3,
see invisible, speed 1, shaggy fur 1, sharp paws
a: no special abilities


You were on level 5 of the Dungeon.
You visited 1 branch of the dungeon, and saw 1 of its levels.

Inventory:

Wands
 e - a wand of digging (3)
Scrolls
 a - a scroll of fog
 b - a scroll of magic mapping
 c - a scroll of fear
 f - a scroll of random uselessness {unknown}
 g - a scroll of immolation {unknown}
 h - a scroll of remove curse {unknown}
Potions
 d - a potion of haste


   Skills:
 - Level 3.0 Fighting
 - Level 2.6 Dodging
 + Level 6.7 Stealth
 - Level 2.0 Unarmed Combat


You couldn't memorise any spells.
You didn't know any spells.
Your spell library was empty.

Dungeon Overview and Level Annotations

Branches:
Dungeon (5/15)
 Temple: D:4-7

Altars:


Innate Abilities, Weirdness & Mutations

You cannot wear armour.
You are incapable of wielding weapons or throwing items.
Your paws allow you to move quietly. (Stealth)
You have sharp claws.
You have razor-sharp teeth.
You have supernaturally acute eyesight. (SInv)
You cover ground quickly.
You are covered in fur. (AC +1)
Your sharp claws are effective at attacking unaware monsters.


Message History

A ball python comes into view.
You closely miss the orc wizard.
The orc wizard is moderately wounded.
The orc wizard hits you but does no damage.
The orc barely misses you.
The orc wizard hits you but does no damage.
You barely miss the orc wizard.
You bite the orc wizard, but do no damage.
The orc wizard is moderately wounded.
The orc wizard closely misses you. The orc barely misses you.
You barely miss the orc wizard.
The orc wizard is moderately wounded.
The orc wizard hits you with a +3 dagger.
The orc barely misses you. The orc wizard misses you.
You scratch the orc wizard but do no damage.
Your bite misses the orc wizard.
The orc wizard is moderately wounded.
The orc wizard hits you with a +3 dagger!
Ouch! That really hurt!
You die...

#...# #..##..#
#...#####.##..#
+.......#..#..#
#...###.##.#..#
#.......o.....#
###.###.###..##
#.# #.....>#
#o# ########
#@# #o# #o# #o#


So. ... ... ..... You could see an orc priest, an orc wizard (fast), 3 orcs and
a ball python.

Vanquished Creatures
  An orc (D:5)
1 creature vanquished.

Notes
Turn   | Place    | Note
-------+----------+-------------------------------------------
     0 | D:5      | Descartes the Felid Delver began the quest for the Orb.
     0 | D:5      | Reached XP level 1. HP: 10/10 MP: 2/2
    15 | D:5      | Noticed an orc wizard
    17 | D:5      | Noticed an orc priest
    30 | D:5      | Noticed an orc wizard
    41 | D:5      | Noticed an orc priest
    49 | D:5      | Slain by an orc wizard

Illustrated notes

Levels and vault maps discovered:
D:5:      layout_basic, elyvilon_altar_5, lemuel_doored_altar, minmay_bent

Action                   || total
-------------------------++-------
Melee: Unarmed           ||     9
       Bite              ||     1
 Stab: Sleeping          ||     1
Armor: Skin              ||     1
Dodge: Dodged            ||     7

Table legend: (Time is in decaauts)
 A = Elapsed time spent in this place.
 B = Non-inter-level travel time spent in this place.
 C = Inter-level travel time spent in this place.
 D = Time resting spent in this place.
 E = Time spent auto-exploring this place.
 F = Levels seen in this place.
 G = Mean time per level.
                   A        B        C        D        E       F      G
               +--------+--------+--------+--------+--------+-----+--------+
         Total |     41 |     41 |      0 |      0 |      5 |   1 |   41.0 |
       Dungeon |     41 |     41 |      0 |      0 |      5 |   1 |   41.0 |
               +--------+--------+--------+--------+--------+-----+--------+

Top non-repeatable levels by time:
     D:5: 41 daAuts
